 Dungeon Crawl Stone Soup version 0.24.1 (webtiles) character file.

Game seed: 13165876766307607079, levelgen mode: deterministic

3374 Destapler the Grappler (level 9, -4/138 HPs)
             Began as a Troll Berserker on Apr 1, 2020.
             Was an Elder of Trog.
             Slain by a meliai zombie (5 damage)
             ... on level 8 of the Dungeon.
             The game lasted 00:14:33 (5031 turns).

Destapler the Grappler (Troll Berserker)            Turns: 5031, Time: 00:14:34

Health: -4/138     AC:  6    Str: 35    XL:     9   Next: 74%
Magic:  8/8        EV: 12    Int:  3    God:    Trog [****..]
Gold:   302        SH:  0    Dex: 19    Spells: 8/8 levels left

rFire    . . .     SeeInvis .     - Unarmed
rCold    . . .     Gourm    +   (no shield)
rNeg     . . .     Faith    .   j - +0 robe
rPois    .         Spirit   .   (helmet restricted)
rElec    .         Reflect  .   (no cloak)
rCorr    .         Harm     .   (gloves unavailable)
MR       ++...                  (boots unavailable)
Stlth    ..........             (no amulet)
HPRegen  1.73/turn              r - +6 ring of dexterity
MPRegen  0.11/turn              w - +4 ring of dexterity

@: berserking (expiring), regenerating, very quick
A: large, unfitting armour, claws 3, fast metabolism 3, gourmand, regeneration
1, shaggy fur 1, tough skin 3
a: Berserk, Trog's Hand, Brothers in Arms, Renounce Religion


You were on level 8 of the Dungeon.
You worshipped Trog.
Trog was greatly pleased with you.
You were full.

You visited 1 branch of the dungeon, and saw 8 of its levels.

You collected 402 gold pieces.
You spent 100 gold pieces at shops.

Inventory:

Hand Weapons
 B - a cursed +3 mace of freezing
Missiles
 k - 5 silver javelins
 m - 20 poisoned darts (quivered)
 x - 7 boomerangs
 C - 2 throwing nets
Armour
 a - a +0 animal skin
 j - a +0 robe (worn)
Jewellery
 q - an uncursed ring of fire
 r - a +6 ring of dexterity (left claw)
 v - an uncursed ring of flight
 w - a +4 ring of dexterity (right claw)
Wands
 e - a wand of iceblast (4)
 z - a wand of polymorph (12)
Scrolls
 c - 2 scrolls of amnesia {unknown}
 f - 8 scrolls of remove curse {unknown}
 g - a scroll of teleportation {unknown}
 i - 7 scrolls of identify
 n - 2 scrolls of random uselessness {unknown}
 o - a scroll of enchant weapon {unknown}
 p - a scroll of immolation {unknown}
 u - a scroll of noise {unknown}
 y - a scroll of magic mapping {unknown}
 F - a scroll of enchant armour {unknown}
Potions
 d - 2 potions of agility {unknown}
 h - 2 potions of curing
 l - 4 potions of heal wounds {unknown}
 s - a potion of haste {unknown}
 t - 2 potions of brilliance {unknown}
 A - a potion of lignification {unknown}
 D - a potion of cancellation {unknown}
 E - a potion of mutation
Comestibles
 b - 17 rations


   Skills:
 + Level 6.8 Fighting
 - Level 3.0 Throwing
 - Level 3.3 Dodging
 * Level 11.0 Unarmed Combat


You had 8 spell levels left.
You didn't know any spells.
Your spell library contained the following spells:

 Spells                   Type           Power        Failure   Level  Hunger
 Beastly Appendage        Tmut           #.....       52%         1    ##.....
 Confusing Touch          Hex            #.....       52%         1    ##.....
 Sticks to Snakes         Tmut           #.......     67%         2    ###....
 Confuse                  Hex            #.......     88%         3    ####...
 Gell's Gravitas          Tloc           #.........   88%         3    ####...
 Spider Form              Tmut/Pois      #.........   88%         3    ####...
 Ice Form                 Ice/Tmut       #.......     99%         4    #####..
 Petrify                  Tmut/Erth      #.......     99%         4    #####..
 Blade Hands              Tmut           #.........   100%        5    ######.
 Metabolic Englaciation   Hex/Ice        #.........   100%        5    ######.
 Yara's Violent Unravell  Hex/Tmut       #.........   100%        5    ######.


Dungeon Overview and Level Annotations

Branches:
Dungeon (8/15)             Temple (0/1) D:7
   Lair: D:8-11

Altars:
Cheibriados
Hepliaklqana
Makhleb
Qazlal
Wu Jian
Xom

Shops:
D:7 *


Innate Abilities, Weirdness & Mutations

You are too large for most types of armour.
You have claws for hands.
Your metabolism is lightning-fast.
You like to eat raw meat.
Your natural rate of healing is unusually fast.
You are covered in fur. (AC +1)
You have extremely tough skin. (AC +3)


Message History

You barely miss the meliai zombie.
The meliai zombie is moderately damaged.
The meliai zombie misses you. The meliai zombie hits you.
* * * LOW HITPOINT WARNING * * *
You barely miss the meliai zombie.
The meliai zombie is moderately damaged.
The meliai zombie hits you!
* * * LOW HITPOINT WARNING * * *
The meliai zombie hits you but does no damage.
The wolf spider zombie closely misses you.
The wolf spider zombie bites you!
* * * LOW HITPOINT WARNING * * *
The centaur warrior zombie closely misses you.
Unknown command.
You closely miss the meliai zombie.
The meliai zombie is moderately damaged.
The meliai zombie hits you.
* * * LOW HITPOINT WARNING * * *
The meliai zombie hits you.
You die...

# ... ....$?. P# # ###..
....(∩$ ...### #.#.#
......) ...... ## #.#.#
..Z.... ...... #. ..#.#
8Z....P P..... #. #.#.#
.5...8P ...... #.
#.#.##Z5...P. #.... #.
##.#..@ZZ88... #....
#.###......Z.##..#
########
#................
........
#..##........####
######## #.>##........#
## ###..########.## #.
#.............# #.
####.###################
#. #.##.......[........#
#.


You could see 2 shadow imps, a wolf spider zombie, 3 centaur warrior zombies, a
meliai zombie and a centaur warrior skeleton.

Vanquished Creatures
  A two-headed ogre (D:8)
  2 hellwings (D:8)
  Grinder (D:3)
  Sigmund (D:6)
  Edmund (D:4)
  A black bear (D:7)
  3 ogres
  2 centaurs (D:7)
  2 bullfrogs
  Blork the orc (D:6)
  A howler monkey (D:7)
  3 wights (D:6)
  2 crimson imps
  2 jellies
  5 orc priests
  4 hounds (D:4)
  A bullfrog skeleton (D:7)
  An iguana (D:4)
  Terence (D:2)
  6 orc wizards
  3 worker ants
  2 hound skeletons
  Robin (D:2)
  4 adders
  2 shadow imps
  6 worms
  2 dart slugs
  3 leopard geckos (D:4)
  22 orcs
  4 giant cockroaches
  11 goblins
  12 hobgoblins
  4 jackals
  5 kobolds
  A quokka (D:3)
  5 bats
  2 frilled lizards
  A jackal skeleton (D:5)
  A jackal zombie (D:7)
  A leopard gecko zombie (D:5)
  A quokka skeleton (D:7)
  A quokka zombie (D:8)
  5 rats
140 creatures vanquished.

Notes
Turn   | Place    | Note
-------+----------+-------------------------------------------
     0 | D:1      | Destapler the Troll Berserker began the quest for the Orb.
     0 | D:1      | Reached XP level 1. HP: 22/22 MP: 0/0
   904 | D:2      | Reached XP level 2. HP: 29/29 MP: 1/1
  1005 | D:2      | Noticed Robin
  1020 | D:2      | Killed Robin
  1020 | D:2      | Reached XP level 3. HP: 34/36 MP: 2/2
  1021 | D:2      | Reached skill level 1 in Throwing
  1030 | D:2      | Reached ** piety under Trog
  1277 | D:2      | Found a burning altar of Makhleb.
  1389 | D:2      | Noticed Terence
  1400 | D:2      | Killed Terence
  1400 | D:2      | Reached XP level 4. HP: 44/44 MP: 3/3
  1495 | D:2      | Reached skill level 4 in Unarmed Combat
  1610 | D:3      | Noticed Grinder
  1619 | D:3      | Killed Grinder
  1619 | D:3      | Reached XP level 5. HP: 53/53 MP: 4/4
  1619 | D:3      | Reached XP level 6. HP: 61/61 MP: 5/5
  1767 | D:3      | Reached skill level 5 in Unarmed Combat
  1796 | D:3      | Found a hazy altar of Hepliaklqana.
  2138 | D:4      | Noticed Edmund
  2148 | D:4      | Killed Edmund
  2148 | D:4      | Reached XP level 7. HP: 51/68 MP: 6/6
  2204 | D:4      | Reached skill level 6 in Unarmed Combat
  2262 | D:4      | Found a snail-covered altar of Cheibriados.
  2638 | D:4      | Reached *** piety under Trog
  2666 | D:4      | Reached skill level 7 in Unarmed Combat
  2680 | D:4      | Reached XP level 8. HP: 78/79 MP: 7/7
  2803 | D:4      | Found a snail-covered altar of Cheibriados.
  3011 | D:5      | Entered Level 5 of the Dungeon
  3102 | D:5      | Found a stormy altar of Qazlal.
  3285 | D:5      | Found a shimmering altar of Xom.
  3699 | D:6      | Found an ornate altar of the Wu Jian Council.
  3718 | D:6      | Reached skill level 5 in Fighting
  3718 | D:6      | Reached skill level 8 in Unarmed Combat
  3782 | D:6      | Noticed Sigmund
  3800 | D:6      | Killed Sigmund
  4145 | D:6      | Found a burning altar of Makhleb.
  4145 | D:6      | Noticed Blork the orc
  4176 | D:6      | Killed Blork the orc
  4420 | D:7      | Reached skill level 9 in Unarmed Combat
  4502 | D:7      | Reached XP level 9. HP: 72/89 MP: 8/8
  4706 | D:7      | Found Kuetis's General Store.
  4714 | D:7      | Bought a scroll of identify for 20 gold pieces
  4714 | D:7      | Bought a potion of mutation for 80 gold pieces
  4772 | D:7      | Found a staircase to the Ecumenical Temple.
  4790 | D:7      | Reached **** piety under Trog
  4891 | D:8      | Noticed a two-headed ogre
  4894 | D:8      | Killed a two-headed ogre
  4894 | D:8      | Reached skill level 10 in Unarmed Combat
  5011 | D:8      | Noticed a hellwing
  5011 | D:8      | Noticed a hellwing
  5020 | D:8      | Killed a hellwing
  5027 | D:8      | Killed a hellwing
  5027 | D:8      | Reached skill level 11 in Unarmed Combat
  5030 | D:8      | HP: 1/138 [wolf spider zombie (8)]
  5031 | D:8      | Slain by a meliai zombie

Levels and vault maps discovered:
D:1:      kennysheep_arrival_forest, layout_basic, chequers_big_river
D:2:      layout_loops_ring, serial_aquarium, aquarium_bridge_long_joined
          [aquarium_subvault_wall, aquarium_subvault_bridge,
          aquarium_subvault_wall, aquarium_subvault_bridge,
          aquarium_subvault_wall, aquarium_subvault_bridge], aquarium_window_2,
          aquarium_window_1, aquarium_window_2, aquarium_window_fake,
          aquarium_view_2b, aquarium_view_4, bloody_makhleb, uniq_robin,
          uniq_terence
D:3:      layout_basic, lemuel_round_altar, minmay_pentangle, uniq_grinder
D:4:      layout_basic, overflow_temple_1_default, first_ration,
          minmay_misc_feat_four_crosses, kennysheep_slug_shrine, uniq_edmund
D:5:      layout_loops_ring, old_standard_altar,
          nicolae_qazlal_general_emergency
D:6:      layout_loops_ring, kennysheep_little_box,
          nicolae_overflow_crystal_walls, hangedman_decor_peaks_small,
          minmay_small_thing, uniq_sigmund, uniq_blork_the_orc
D:7:      layout_basic, minmay_temple_entry_antechambers, serial_shops,
          shop_statue
D:8:      cheibrodos_grave_circle, layout_basic, kennysheep_crisscross,
          grunt_pizzeria

Skill      XL: |  1  2  3  4  5  6  7  8  9 |
---------------+----------------------------+-----
Throwing       | 1 2 3 |  3.0
Unarmed Combat | 4 5 7 9 11 | 11.0
Fighting       | 3 4 5 6 |  6.8
Dodging        | 3 |  3.3

Action                   |  1- 3 |  4- 6 |  7- 9 || total
-------------------------+-------+-------+-------++-------
Melee: Unarmed           |    73 |   101 |   224 ||   398
       Punch             |     2 |     2 |    15 ||    19
Throw: Javelin           |       |     2 |       ||     2
       Throwing net      |       |       |     2 ||     2
Invok: Berserk           |     2 |       |     4 ||     6
       Trog's Hand       |       |     4 |     4 ||     8
 Stab: Sleeping          |       |       |     3 ||     3
  Eat: Chunk             |    19 |     9 |    28 ||    56
Armor: Animal skin       |    21 |       |       ||    21
       Robe              |       |    20 |    51 ||    71
Dodge: Dodged            |    36 |    36 |   111 ||   183
